 Dungeon Crawl Stone Soup version 0.20.1-1-g8b1a95d (webtiles) character file.

28 Gargoyl the Skirmisher (level 2, 0/27 HPs)
             Began as a Minotaur Abyssal Knight on Oct 9, 2017.
             Was a Follower of Lugonu.
             Succumbed to an adder's poison
             ... on level 2 of the Dungeon.
             The game lasted 00:01:53 (887 turns).

Gargoyl the Skirmisher (Minotaur Abyssal Knight)     Turns: 887, Time: 00:01:54

Health: 0/27       AC:  7    Str: 16    XL:     2   Next: 96%
Magic:  2/2        EV:  9    Int:  9    God:    Lugonu [*.....]
Gold:   86         SH:  0    Dex:  9    Spells: 1/1 levels left

rFire    + . .     SeeInvis .   a - +1 hand axe
rCold    + . .     Gourm    .   (no shield)
rNeg     . . .     Faith    .   e - +0 scale mail
rPois    +         Spirit   .   (helmet restricted)
rElec    +         Reflect  .   (no cloak)
rCorr    +         Harm     .   (no gloves)
MR       .....                  d - +0 pair of boots
Stlth    ..........             (no amulet)
Regen    0.1/turn               (no ring)
MPRegen  0.1/turn               (no ring)

@: lethally poisoned (0 -> -5), resistant
A: retaliatory headbutt, horns 2
a: Depart the Abyss, Renounce Religion


You were on level 2 of the Dungeon.
You worshipped Lugonu.
Lugonu was aware of your devotion.
You were not hungry.

You visited 1 branch of the dungeon, and saw 2 of its levels.
You visited the Abyss 1 time.

You collected 86 gold pieces.

Inventory:

Hand Weapons
 a - a +1 hand axe (weapon)
Armour
 b - a +0 leather armour
 d - a +0 pair of boots (worn)
 e - a +0 scale mail (worn)
Jewellery
 o - an uncursed ring of protection from fire {unknown}
Scrolls
 h - a scroll of random uselessness {unknown}
 j - 3 scrolls of remove curse
 k - 2 scrolls of identify
 l - 2 scrolls of teleportation {unknown}
 m - a scroll of recharging {unknown}
Comestibles
 c - 2 bread rations
 f - a royal jelly
 g - a fruit
 p - a chunk of flesh


   Skills:
 + Level 4.3 Fighting
 + Level 2.8 Axes
 * Level 2.8 Armour
 + Level 1.4 Dodging
 * Level 1.9 Invocations


You had one spell level left.
You didn't know any spells.

Dungeon Overview and Level Annotations

Branches:
Dungeon (2/15)

Altars:
Ashenzari
Okawaru


Innate Abilities, Weirdness & Mutations

You reflexively headbutt those who attack you in melee.
You have a pair of horns on your head.


Message History

You feel protected.
* * * LOW HITPOINT WARNING * * *
You feel sick. The goblin hits you but does no damage.
You closely miss the goblin.
* * * LOW HITPOINT WARNING * * *
You feel sick. The goblin barely misses you.
You slash the goblin!
You kill the goblin!
Lugonu accepts your kill.
* * * LOW HITPOINT WARNING * * *
You feel sick.
Things that are here:
a club; a goblin corpse; an adder corpse Unknown command.
You see here 3 stones.
* * * LOW HITPOINT WARNING * * *
You feel sick.
* * * LOW HITPOINT WARNING * * *
You feel sick.
You die...

##### #####
##...### <<..#
###......# ....#
###........# ....#
#..._(.....# ....#
##..........#
....###......⌠....#
........†..)....@.#
......####....._.##
....#..# #.......#
....##.# ###...#.#
....# .# #####.#
##### .# ##(# .#
#))# .. #.## #.
...#


There were no monsters in sight!

Vanquished Creatures
  An adder (D:2)
  A leopard gecko (D:1)
  A goblin (D:2)
  A hobgoblin (D:1)
  4 jackals (D:1)
  A kobold (D:2)
  3 bats
  3 frilled lizards
  2 rats
  2 plants (D:1)
19 creatures vanquished.

Notes
Turn   | Place    | Note
-------+----------+-------------------------------------------
     0 | Abyss:1  | Gargoyl the Minotaur Abyssal Knight began the quest for the Orb.
     0 | Abyss:1  | Reached XP level 1. HP: 19/19 MP: 1/1
    57 | Abyss:2  | Noticed a small abomination
    81 | Abyss:2  | Noticed a ynoxinul
    84 | Abyss:2  | Noticed a bone dragon
   114 | Abyss:2  | Noticed a raiju
   117 | Abyss:2  | Noticed a raiju
   117 | D:1      | Escaped the Abyss
   263 | D:1      | Reached * piety under Lugonu
   388 | D:1      | Reached XP level 2. HP: 27/27 MP: 2/2
   497 | D:1      | Reached skill level 4 in Fighting
   825 | D:2      | Found an iron altar of Okawaru.
   834 | D:2      | Found a shattered altar of Ashenzari.
   883 | D:2      | HP: 1/27 [poisoned by an adder]
   887 | D:2      | Succumbed to an adder's poison

Skill      XL: |  1  2 |
---------------+-------+-----
Fighting       | 4 |  4.3
Axes           | |  2.8
Armour         | |  2.8
Dodging        | |  1.4
Invocations    | |  1.9

Action                   || total
-------------------------++-------
Melee: Hand axe          ||    91
       Headbutt          ||    17
Invok: Depart the Abyss  ||     1
  Use: Scroll            ||     1
       Potion            ||     2
Armor: Scale mail        ||    50
Dodge: Dodged            ||    39
